 Dungeon Crawl Stone Soup version 0.23-a0-767-gdc19b93d68 (webtiles) character file.

1 Esekla the Chiller (level 1, 0/11 HPs)
             Began as an Octopode Wanderer on Jan 22, 2019.
             Slain by a leopard gecko (3 damage)
             ... on level 1 of the Dungeon.
             The game lasted 00:03:16 (170 turns).

Esekla the Chiller (Octopode Wanderer)               Turns: 170, Time: 00:03:17

Health: 0/11       AC:  1    Str:  9    XL:     1   Next: 20%
Magic:  1/1        EV: 12    Int: 19    God:
Gold:   10         SH:  0    Dex: 12    Spells: 0/0 levels left

rFire    . . .     SeeInvis .   d - +0 dagger
rCold    . . .     Gourm    .   (no shield)
rNeg     . . .     Faith    .   (helmet restricted)
rPois    .         Spirit   .   (no amulet)
rElec    .         Reflect  .   b - +4 ring of intelligence
rCorr    .         Harm     .   (no ring)
MR       .....                  (no ring)
Stlth    ++........             (no ring)
HPRegen  0.03/turn              (no ring)
MPRegen  0.07/turn              (no ring)
                                (no ring)
                                (no ring)

@: no status effects
A: almost no armour, stealthy swim, amphibious, 8 rings, constrict 8, camouflage
1, gelatinous body 1
a: no special abilities


You were on level 1 of the Dungeon.
You were not hungry.

You visited 1 branch of the dungeon, and saw 1 of its levels.

You collected 10 gold pieces.

Inventory:

Hand Weapons
 d - a +0 dagger (weapon)
Jewellery
 b - a +4 ring of intelligence (left tentacle)
Scrolls
 a - a scroll of identify {unknown}
 c - a scroll of teleportation
 e - a scroll of enchant weapon {unknown}
Comestibles
 f - a ration


   Skills:
 - Level 1.0 Throwing
 * Level 0.4 Dodging
   Level 1.0 Shields
   Level 6.0 Ice Magic
   Level 2.4 Poison Magic


You couldn't memorise any spells.
You didn't know any spells.
Your spell library contained the following spells:

 Spells                   Type           Power        Failure   Level  Hunger
 Freeze                   Ice            ###.         1%          1    ##.....
 Throw Frost              Conj/Ice       ##....       9%          2    ###....
 Sting                    Conj/Pois      #...         13%         1    ##.....
 Ozocubu's Armour         Chrm/Ice       ##......     19%         3    ####...
 Spider Form              Tmut/Pois      #.........   36%         3    ####...
 Summon Ice Beast         Ice/Summ       ##......     52%         4    #####..
 Throw Icicle             Conj/Ice       ##......     52%         4    #####..


Dungeon Overview and Level Annotations

Branches:
Dungeon (1/15)

Altars:


Innate Abilities, Weirdness & Mutations

You cannot wear most types of armour.
You are very stealthy in the water. (Stealth+)
You are amphibious.
You can wear up to eight rings at the same time.
You can use your tentacles to constrict eight enemies at once.
Your skin changes colour to match your surroundings (Stealth+).
Your rubbery body absorbs attacks. (AC +1, EV +1)


Message History

b - a cabochon ring
e - a scroll labeled ERAYNN BEUWK Put on which piece of jewellery? (? for menu, Esc to quit)
You feel clever.
b - a +4 ring of intelligence (left tentacle)
There is an open door here.
Found 28 stones.
Found a stone staircase leading down.
You now have 10 gold pieces.
A hobgoblin comes into view. It is wielding a +0 club.
You start resting.
The leopard gecko is too close now for your liking.
The leopard gecko bites you.
You miss the leopard gecko. Your grab misses the leopard gecko.
The leopard gecko bites you.
* * * LOW HITPOINT WARNING * * *
You hit the leopard gecko. Your grab misses the leopard gecko.
The leopard gecko is lightly wounded.
The leopard gecko bites you.
You die...

######.###.###.....
#>..............g.
#..................##+#
#.............# ......#
#.............# ......#
#.(...........###......#
#.............#........#
#.............#.........
#............@#.........
#...........#.l.........
#...........#...........
#...........#...###.....
#.......................
#####...................
###'###.............
########.# #.............
#........###............#


You could see a leopard gecko.

Vanquished Creatures
  A frilled lizard (D:1)
  A kobold (D:1)
2 creatures vanquished.

Notes
Turn   | Place    | Note
-------+----------+-------------------------------------------
     0 | D:1      | Esekla the Octopode Wanderer began the quest for the Orb.
     0 | D:1      | Esekla set off with the following items: a scroll of
                  | teleportation, a +0 dagger, a ration; and the following
                  | spells available to memorise: Freeze, Throw Frost, Sting,
                  | Ozocubu's Armour, Spider Form, Summon Ice Beast, Throw
                  | Icicle
     0 | D:1      | Reached XP level 1. HP: 11/11 MP: 1/1
   170 | D:1      | Slain by a leopard gecko

Vault maps used:
D:1:      tarquinn_simple_flora_water_f, fountainhead, grunt_decor_resistance

Action                   || total
-------------------------++-------
Melee: Dagger            ||    11
       Constrict         ||     2
Dodge: Dodged            ||     5

Table legend:
 A = Non-vault XP
 B = Vault XP
 C = Vault XP percentage of total XP
 D = Non-vault monster count
 E = Vault monster count
 F = Vault count percentage of total count
                 A         B        C        D         E       F
            +---------+---------+-------+---------+---------+-------
      Total |       2 |       0 |   0.0 |       2 |       0 |   0.0
            +---------+---------+-------+---------+---------+-------
        D:1 |       2 |       0 |   0.0 |       2 |       0 |   0.0
            +---------+---------+-------+---------+---------+-------
